 Dungeon Crawl Stone Soup version 0.25.1-2-g60ff931df9 (webtiles) character file.

Game seed: 18376506305683527403

923 pokeman the Thaumaturge (level 7, -14/39 HPs)
             Began as a Deep Elf Wizard on Nov 7, 2020.
             Killed by divine providence
             ... invoked by an orc priest
              (16 damage)
             ... on level 4 of the Dungeon.
             The game lasted 00:08:54 (4112 turns).

pokeman the Thaumaturge (Deep Elf Wizard)           Turns: 4112, Time: 00:08:55

Health: -14/39     AC:  6    Str:  4    XL:     7   Next: 84%
Magic:  17/30      EV: 12    Int: 25    God:
Gold:   177        SH:  0    Dex: 13    Spells: 12/23 levels left

rFire    . . .     SeeInvis .   n - +7 scythe (holy)
rCold    . . .     Gourm    .   (shield currently unavailable)
rNeg     . . .     Faith    .   B - +0 leather armour (curse)
rPois    +         Spirit   .   o - +0 helmet
rElec    .         Reflect  .   A - +1 cloak {rPois}
rCorr    .         Harm     .   (no gloves)
MR       .....                  (no boots)
Stlth    ++........             s - amulet of inaccuracy (curse)
HPRegen  0.13/turn              c - ring of magical power
MPRegen  0.22/turn              y - ring of poison resistance

@: very slightly contaminated
A: no striking features
a: no special abilities


You were on level 4 of the Dungeon.
You were hungry.

You visited 1 branch of the dungeon, and saw 4 of its levels.

You collected 177 gold pieces.

Inventory:

Hand Weapons
 f - a +0 dagger of electrocution
 n - a +7 scythe of holy wrath (weapon)
Armour
 o - a +0 helmet (worn)
 A - a +1 cloak of poison resistance (worn)
 B - a cursed +0 leather armour (worn)
Magical Staves
 a - an uncursed staff of fire {unknown}
Jewellery
 b - an uncursed ring of stealth
 c - a ring of magical power (left hand)
 i - a +4 ring of evasion
 r - an uncursed amulet of reflection
 s - a cursed amulet of inaccuracy (around neck)
 u - an uncursed amulet of regeneration {unknown}
 y - a ring of poison resistance (right hand)
 z - an uncursed amulet of guardian spirit {unknown}
Scrolls
 g - 2 scrolls of teleportation {unknown}
 j - 2 scrolls of enchant weapon {unknown}
 l - 6 scrolls of identify {unknown}
 q - 2 scrolls of magic mapping {unknown}
 v - 2 scrolls of noise {unknown}
 w - 2 scrolls of remove curse {unknown}
 x - 2 scrolls of amnesia {unknown}
Potions
 e - a potion of degeneration {unknown}
 h - 2 potions of magic {unknown}
 k - 2 potions of curing {unknown}
 m - 2 potions of mutation {unknown}
 p - a potion of stabbing {unknown}
 C - a potion of brilliance {unknown}
Comestibles
 d - 13 rations


   Skills:
 + Level 1.7 Fighting
 - Level 1.1 Armour
 - Level 4.0 Dodging
 - Level 3.0 Stealth
 * Level 8.7 Spellcasting
 + Level 4.3 Conjurations
 - Level 1.1 Summonings
 - Level 1.1 Translocations
 + Level 2.5 Fire Magic
 - Level 1.0 Air Magic
 - Level 2.0 Poison Magic


You had 12 spell levels left.
You knew the following spells:

 Your Spells              Type           Power        Failure   Level  Hunger
a - Magic Dart            Conj           ####         1%          1    None
b - Mephitic Cloud        Conj/Pois/Air  ###.....     11%         3    None
c - Call Imp              Summ           ###.....     10%         2    None
d - Blink                 Tloc           N/A          10%         2    None
e - Conjure Flame         Conj/Fire      ####....     7%          3    None

Your spell library contained the following spells:

 Spells                   Type           Power        Failure   Level  Hunger
 Slow                     Hex            ##......     14%         2    None


Dungeon Overview and Level Annotations

Branches:
Dungeon (4/15)
 Temple: D:4-7

Altars:
Yredelemnul


Message History

You slash Eustachio!
You kill Eustachio!
The ufetubus disappears in a puff of smoke!
The bat disappears in a puff of smoke!
The orc priest calls down the wrath of Beogh upon you.
Pain shoots through your body!
* * * LOW HITPOINT WARNING * * *
The orc priest miscasts a cantrip.
The orc priest closely misses you.
Casting: Mephitic Cloud (dangerous; 11% risk of failure)
Confirm with . or Enter, or press ? or * to list all spells.
Aiming: Mephitic Cloud (dangerous; 11% risk of failure)
Press: ? - help, Shift-Dir - straight line, f - orc priest
Aim: an orc priest, wielding a +0 hand axe and wearing a +0 chain mail You miscast Mephitic Cloud.
The wind whips around you!
* * * LOW HITPOINT WARNING * * *
An orc priest comes into view. It is wielding a +0 rapier.
The orc priest calls down the wrath of Beogh upon you.
Beogh smites you!
You die...

.........## ######...
.......o.##. .........
.........##.### #......
#5......o.. ..# #......
#... ....# #.# #....##
#..####.######.###....#
#<..[<[...............#
#5.##)#o######.###....#
#..##[#@# #.# #....#
#.....#)# #.. .......
#.#####.# ###########
#...@.§.#
#######.#####§#
#......(......#
#.#####.#####.#
#.............#
###############


You could see 3 orc priests.

Vanquished Creatures
  Sigmund (D:2)
  Eustachio (D:4)
  A bullfrog (D:3)
  A scorpion (D:4)
  A centaur skeleton (D:4)
  A hound (D:3)
  3 orc priests (D:4)
  Jessica (D:2)
  Natasha (thrice) (D:2)
  An orc wizard (D:4)
  Terence (D:3)
  A worker ant (D:4)
  Robin (D:2)
  4 adders
  A shadow imp (D:4)
  2 oozes
  6 worms
  5 leopard geckos
  10 orcs
  9 bats
  6 giant cockroaches
  18 goblins
  10 hobgoblins
  5 jackals (D:3)
  A quokka (D:3)
  A ball python (D:3)
  4 frilled lizards
  7 kobolds
  A quokka zombie (D:4)
  8 rats
115 creatures vanquished.

Vanquished Creatures (collateral kills)
  Crazy Yiuf (D:3)
1 creature vanquished.

Grand Total: 116 creatures vanquished

Notes
Turn   | Place    | Note
-------+----------+-------------------------------------------
     0 | D:1      | pokeman the Deep Elf Wizard began the quest for the Orb.
     0 | D:1      | Reached XP level 1. HP: 10/10 MP: 7/7
   324 | D:1      | Reached XP level 2. HP: 16/16 MP: 9/9
  1047 | D:1      | Reached skill level 5 in Spellcasting
  1079 | D:2      | Reached XP level 3. HP: 19/20 MP: 11/11
  1084 | D:2      | Noticed Sigmund
  1128 | D:1      | Learned a level 3 spell: Mephitic Cloud
  1131 | D:1      | Learned a level 2 spell: Call Imp
  1134 | D:1      | Learned a level 2 spell: Blink
  1138 | D:1      | Learned a level 3 spell: Conjure Flame
  1364 | D:2      | Noticed Natasha
  1373 | D:2      | Killed Natasha
  1373 | D:2      | Reached skill level 1 in Fighting
  1373 | D:2      | Reached skill level 1 in Armour
  1378 | D:2      | Reached XP level 4. HP: 25/25 MP: 6/13
  1531 | D:2      | Noticed Natasha
  1536 | D:2      | Killed Natasha
  1647 | D:2      | Noticed Robin
  1650 | D:2      | Killed Sigmund
  1650 | D:2      | Reached skill level 6 in Spellcasting
  1650 | D:2      | Reached skill level 1 in Poison Magic
  1650 | D:2      | Reached XP level 5. HP: 29/29 MP: 6/16
  1650 | D:2      | Reached XP level 6. HP: 34/34 MP: 6/17
  1673 | D:2      | Killed Robin
  1842 | D:2      | Noticed Natasha
  1847 | D:2      | Killed Natasha
  2220 | D:2      | Noticed Jessica
  2222 | D:2      | Killed Jessica
  2222 | D:2      | Reached skill level 7 in Spellcasting
  2372 | D:3      | Noticed Terence
  2380 | D:3      | Killed Terence
  2383 | D:3      | Reached skill level 1 in Air Magic
  2544 | D:3      | Found a runed translucent door.
  2545 | D:3      | Noticed Crazy Yiuf
  3346 | D:3      | Killed Crazy Yiuf
  3346 | D:3      | Reached skill level 1 in Fire Magic
  3346 | D:3      | Reached XP level 7. HP: 24/38 MP: 15/20
  3757 | D:4      | Reached skill level 8 in Spellcasting
  3980 | D:4      | Found a basalt altar of Yredelemnul.
  4079 | D:4      | Noticed Eustachio
  4111 | D:4      | Killed Eustachio
  4112 | D:4      | Killed from afar by an orc priest

Illustrated notes

Levels and vault maps discovered:
D:1:      evilmike_arrival_rings, layout_basic, minmay_pentomino_r2
D:2:      layout_rooms, serial_bayou_pond_c, uniq_sigmund, uniq_robin,
          uniq_jessica, uniq_natasha
D:3:      minmay_diamond_boxcup, layout_rooms, first_ration,
          uniq_crazy_yiuf_cottage, uniq_terence
D:4:      layout_basic, old_standard_altar, uniq_eustachio

Skill      XL: |  1  2  3  4  5  6  7 |
---------------+----------------------+-----
Spellcasting   | 5 6 7 8 |  8.7
Fighting       | 1 |  1.7
Armour         | 1 |  1.1
Conjurations   | 2 3 4 |  4.3
Dodging        | 3 4 |  4.0
Poison Magic   | 1 2 |  2.0
Air Magic      | 1 |  1.0
Fire Magic     | 1 2 |  2.5
Stealth        | 3 |  3.0
Summonings     | |  1.1
Translocations | |  1.1

Action                   |  1- 3 |  4- 6 |  7- 9 || total
-------------------------+-------+-------+-------++-------
Melee: Dagger            |       |    18 |       ||    18
       Scythe            |       |     1 |    17 ||    18
 Cast: Magic Dart        |    78 |   148 |    68 ||   294
       Mephitic Cloud    |       |     3 |     4 ||     7
       Conjure Flame     |       |     2 |     3 ||     5
       Call Imp          |       |     9 |     2 ||    11
 Stab: Confused          |       |     1 |       ||     1
  Eat: Chunk             |     1 |     6 |     2 ||     9
Armor: Robe              |    10 |       |       ||    10
       Leather armour    |       |     8 |    18 ||    26
Dodge: Dodged            |    59 |    32 |    49 ||   140
